 Dungeon Crawl Stone Soup version 0.15-a0-1363-g87d8b17 (webtiles) character file.

77 PolkaDot the Vexing (level 4, -1/30 HPs)
             Began as a Vampire Enchanter on June 9, 2014.
             Slain by a giant cockroach (2 damage)
             ... on Level 3 of the Dungeon.
             The game lasted 00:05:44 (1935 turns).

PolkaDot the Vexing (Vampire Enchanter)             Turns: 1935, Time: 00:05:44

HP  -1/30        AC  3     Str  7      XL: 4   Next: 13%
MP   5/7         EV 12     Int 17      God:
Gold 135         SH  0     Dex 15      Spells:  3 memorised,  1 level left

rFire  . . .     SeeInvis +     n - +0 dagger (drain)
rCold  + + .     Clarity  .     b - +1 robe
rNeg   + + +     rCorr    .     (no shield)
rPois  +         rRot     +     (no helmet)
rElec  .         Spirit   .     (no cloak)
SustAb .         Warding  .     (no gloves)
rMut   .         Stasis   .     (no boots)
Gourm  .                        (no amulet)
MR     .....                    (no ring)
                                (no ring)

@: regenerating slowly, not resistant to hostile enchantments, fairly stealthy
A: fangs 3, see invisible, unbreathing
a: Bat Form


You were on level 3 of the Dungeon.
You were near bloodless.

You visited 1 branch of the dungeon, and saw 3 of its levels.

You collected 135 gold pieces.

Inventory:

Hand weapons
 n - a +0,+0 dagger of draining (weapon)
Armour
 b - a +1 robe (worn)
Scrolls
 a - 2 scrolls of enchant weapon I {unknown}
 e - a scroll of fog {unknown}
 f - 2 scrolls of remove curse {unknown}
 g - a scroll of random uselessness {unknown}
 h - 2 scrolls of identify {unknown}
 i - 2 scrolls of magic mapping {unknown}
 m - 3 scrolls of teleportation {unknown}
 p - a scroll of noise {unknown}
Potions
 d - a potion of blood {@w2}
 j - 4 potions of curing {unknown}
 k - 2 potions of resistance {unknown}
 l - a potion of flight {unknown}
 o - a potion of restore abilities {unknown}
Books
 c - a book of Maledictions

   Spells                             Type                      Level
   *Corona                            Hexes                        1
   Sure Blade                         Hexes/Charms                 2
   *Ensorcelled Hibernation           Hexes/Ice                    2
   *Confuse                           Hexes                        3
   Dazzling Spray                     Conjuration/Hexes            3
   Enslavement                        Hexes                        4


   Skills:
 - Level 3.0 Short Blades
 - Level 2.1 Dodging
 + Level 4.7 Stealth
 + Level 2.1 Spellcasting
 * Level 5.7 Hexes


You had one spell level left.
You knew the following spells:

 Your Spells              Type           Power        Failure   Level  Hunger
a - Corona                Hex            ###....      1%          1    #......
c - Confuse               Hex            ###.....     8%          3    ####...
d - Ensorcelled Hibernat  Hex/Ice        ##....       12%         2    ##.....


Dungeon Overview and Level Annotations

Branches:
Dungeon (3/15)

Altars:


Innate Abilities, Weirdness & Mutations

You heal slowly.
You have razor-sharp teeth.*
You have supernaturally acute eyesight.
You can survive without breathing.*


Message History

You hit the gnoll.
The gnoll is moderately wounded.
The gnoll hits you.
You hit the gnoll. You drain the gnoll!
The gnoll is severely wounded.
The gnoll barely misses you.
You hit the gnoll.
You kill the gnoll!
The giant cockroach bites you. The gnoll hits you with a halberd!
The giant cockroach barely misses you. The gnoll hits you but does no damage.
Casting: Ensorcelled Hibernation
Confirm with . or Enter, or press ? or * to list all spells.
Aiming: Ensorcelled Hibernation
Press: ? - help, Shift-Dir - straight line, f - gnoll
Aim: a gnoll, wielding a halberd The gnoll resists with significant effort.
The gnoll hits you with a halberd!
* * * LOW HITPOINT WARNING * * *
The giant cockroach bites you.
You die...

#......... #..........
#...........
#............
############...........
........................
.....<.........)..#
######.#########..# #.#
#@s# #.# #gg# #.# #....
... ....... ###
......... #########


You could see 2 gnolls and a giant cockroach.

Vanquished Creatures
  A giant mite (D:1)
  A gnoll (D:3)
  3 worms (D:2)
  A giant gecko (D:2)
  An ooze (D:2)
  11 bats
  2 giant cockroaches (D:2)
  4 hobgoblins
  6 jackals (D:1)
  4 giant newts
  3 goblins
  2 kobolds (D:2)
  5 rats
44 creatures vanquished.

Notes
Turn   | Place    | Note
--------------------------------------------------------------
     0 | D:1      | PolkaDot, the Vampire Enchanter, began the quest for the Orb.
     0 | D:1      | Reached XP level 1. HP: 13/13 MP: 3/3
   344 | D:1      | Reached XP level 2. HP: 19/19 MP: 4/4
   348 | D:1      | Learned a level 2 spell: Ensorcelled Hibernation
  1227 | D:1      | Reached XP level 3. HP: 17/24 MP: 4/6
  1232 | D:1      | Learned a level 3 spell: Confuse
  1437 | D:2      | Reached skill level 5 in Hexes
  1784 | D:2      | Reached XP level 4. HP: 30/30 MP: 4/7
  1935 | D:3      | HP: 1/30 [gnoll/halberd (10)]
  1935 | D:3      | Slain by a giant cockroach

Action                   |  1- 3 |  4- 6 || total
-------------------------+-------+-------++-------
Melee: Dagger            |   125 |     5 ||   130
 Cast: Corona            |    16 |       ||    16
       Ensorcelled Hiber |     6 |     1 ||     7
 Stab: Sleeping          |    17 |     1 ||    18
